 Dungeon Crawl Stone Soup version 0.21.1-1-g345015f (webtiles) character file.

389 Fang the Skirmisher (level 6, -2/40 HPs)
             Began as a Gargoyle Berserker on May 16, 2018.
             Was a Believer of Trog.
             Slain by a gnoll
             ... wielding a +0 halberd
              (4 damage)
             ... on level 4 of the Dungeon.
             The game lasted 00:03:39 (2307 turns).

Fang the Skirmisher (Gargoyle Berserker)            Turns: 2307, Time: 00:03:40

Health: -2/40      AC:  8    Str: 23    XL:     6   Next: 79%
Magic:  15/15      EV: 13    Int:  7    God:    Trog [**....]
Gold:   78         SH:  0    Dex:  9    Spells: 5/5 levels left

rFire    . . .     SeeInvis .   a - +0 hand axe
rCold    . . .     Gourm    .   (no shield)
rNeg     + . .     Faith    .   b - +0 animal skin
rPois    ∞         Spirit   .   (no helmet)
rElec    +         Reflect  .   (no cloak)
rCorr    .         Harm     .   m - +1 pair of gloves
MR       .....     Rnd*Tele +   (no boots)
Stlth    +.........             (no amulet)
HPRegen  0.13/turn              f - ring of teleportation (curse)
MPRegen  0.14/turn              k - ring of magical power

@: berserk cooldown, slowed, very slow
A: negative energy resistance 1, electricity resistance, unbreathing,
petrification resistance, rot immunity, AC +4
a: Berserk, Trog's Hand, Burn Spellbooks, Renounce Religion


You were on level 4 of the Dungeon.
You worshipped Trog.
Trog was pleased with you.
You were very hungry.

You visited 1 branch of the dungeon, and saw 4 of its levels.

You collected 78 gold pieces.

Inventory:

Hand Weapons
 a - a +0 hand axe (weapon)
Armour
 b - a +0 animal skin (worn)
 m - a +1 pair of gloves (worn)
Jewellery
 f - a cursed ring of teleportation (left hand)
 k - a ring of magical power (right hand)
Wands
 g - a wand of iceblast (7)
Scrolls
 d - a scroll of remove curse {unknown}
 e - a scroll of enchant weapon {unknown}
 i - a scroll of blinking
 l - a scroll of fear {unknown}
Potions
 h - a potion of ambrosia
 j - a potion of curing {unknown}
Comestibles
 c - 2 rations
 n - a chunk of flesh


   Skills:
 + Level 4.8 Fighting
 + Level 4.8 Axes
 + Level 2.7 Armour
 + Level 3.1 Dodging
 + Level 1.1 Stealth


You had 5 spell levels left.
You didn't know any spells.

Dungeon Overview and Level Annotations

Branches:
Dungeon (4/15)
 Temple: D:4-7

Altars:
Ashenzari


Innate Abilities, Weirdness & Mutations

You are resistant to torment.
Your stone body is resilient. (AC +4)
You are immune to poison.
You resist negative energy. (rN+)
You are resistant to electric shocks. (rElec)
You can survive without breathing.
You are immune to petrification.
You are immune to rotting.


Message History

You hit the gnoll.
The gnoll is heavily wounded.
You slash the gnoll! The gnoll closely misses you.
Unknown command.
You slash the gnoll!
You kill the gnoll!
Trog accepts your kill.
You barely miss the gnoll. The gnoll closely misses you.
Unknown command.
Unknown command.
The gnoll hits you but does no damage.
You hit the gnoll.
You kill the gnoll!
Trog accepts your kill.
You closely miss the gnoll. The gnoll closely misses you.
Unknown command.
You are no longer berserk.
You are exhausted.
You feel yourself slow down. The gnoll hits you with a halberd.
You die...

#... #...# ..
#...##...# ...
#........##...
#............
#..........
#...##...#
#...##g..#
#.....@..#
#...))...#
#...######
#...##...#
#........#
#........#
#..###.###
#..###+#
#..'...#


You could see a gnoll.

Vanquished Creatures
  5 wights (D:3)
  Natasha (thrice) (D:2 D:3)
  3 gnolls (D:4)
  2 adders
  A dart slug (D:1)
  3 leopard geckos
  3 orcs (D:3)
  4 bats
  6 giant cockroaches
  9 goblins
  5 hobgoblins
  4 jackals (D:3)
  4 kobolds
  2 quokkas (D:3)
  5 frilled lizards
  6 rats
65 creatures vanquished.

Notes
Turn   | Place    | Note
-------+----------+-------------------------------------------
     0 | D:1      | Fang the Gargoyle Berserker began the quest for the Orb.
     0 | D:1      | Reached XP level 1. HP: 14/14 MP: 1/1
   167 | D:1      | Reached XP level 2. HP: 19/19 MP: 2/2
   380 | D:1      | Found a shattered altar of Ashenzari.
   660 | D:1      | Reached XP level 3. HP: 21/24 MP: 3/3
  1025 | D:2      | Reached ** piety under Trog
  1036 | D:2      | Noticed Natasha
  1049 | D:2      | Killed Natasha
  1049 | D:2      | Reached XP level 4. HP: 22/29 MP: 4/4
  1104 | D:2      | Noticed Natasha
  1118 | D:2      | Killed Natasha
  1137 | D:2      | Noticed Natasha
  1264 | D:3      | Reached XP level 5. HP: 33/33 MP: 5/5
  1287 | D:3      | HP: 1/34 [wight/mace (3)]
  1294 | D:3      | Reached XP level 6. HP: 33/39 MP: 6/6
  1296 | D:3      | Reached skill level 1 in Stealth
  1402 | D:3      | Killed Natasha
  2299 | D:4      | HP: 1/60 [gnoll/halberd (9)]
  2307 | D:4      | Slain by a gnoll

Skill      XL: |  1  2  3  4  5  6 |
---------------+-------------------+-----
Axes           | 3 4 |  4.8
Fighting       | 4 |  4.8
Dodging        | 2 3 |  3.1
Stealth        | 1 |  1.1
Armour         | |  2.7

Action                   |  1- 3 |  4- 6 || total
-------------------------+-------+-------++-------
Melee: Hand axe          |    85 |   145 ||   230
Invok: Berserk           |     1 |     4 ||     5
  Use: Potion            |       |     3 ||     3
       Scroll            |       |     3 ||     3
  Eat: Chunk             |       |     5 ||     5
       Ration            |       |     1 ||     1
Armor: Animal skin       |    29 |    70 ||    99
Dodge: Dodged            |    54 |   128 ||   182
